[ AOE2 MATCH · #469122608 ]
UnrankedBohemians vs Spanish
[ REPLAY ANALYSIS · EXTRACTED FROM THE RECORDED GAME ]
Feudal
10:09
Castle
19:25
Imperial
29:43
| APM avg | 62.3 |
| APM peak | 115 |
| eAPM avg | 25.7 |
| Villagers / military | 174 / 394 |
Focus
⚔️ 38.6% · 🌾 61.4%
Spearman ×228 · Skirmisher ×105 · Hand Cannoneer ×36 · Bombard Cannon ×16 · Trebuchet (Packed) ×5 · Archer ×4
Feudal
12:17
Castle
16:23
Imperial
30:42
| APM avg | 37.9 |
| APM peak | 75 |
| eAPM avg | 21.3 |
| Villagers / military | 151 / 432 |
Focus
⚔️ 32.4% · 🌾 67.6%
Knight ×200 · Scout Cavalry ×161 · Spearman ×49 · Trade Cart ×20 · Conquistador ×14 · Trebuchet (Packed) ×6
Feudal
8:55
Castle
18:26
Imperial
32:53
| APM avg | 54.6 |
| APM peak | 93 |
| eAPM avg | 30.9 |
| Villagers / military | 200 / 423 |
Focus
⚔️ 41.0% · 🌾 59.0%
Magyar Huszar ×258 · Cavalry Archer ×147 · Trebuchet (Packed) ×6 · Monk ×5 · Scout Cavalry ×5 · Petard ×2
Feudal
10:54
Castle
14:34
Imperial
29:12
| APM avg | 78.8 |
| APM peak | 165 |
| eAPM avg | 48.0 |
| Villagers / military | 240 / 471 |
Focus
⚔️ 53.1% · 🌾 46.9%
Scout Cavalry ×199 · Skirmisher ×120 · Knight ×66 · Trade Cart ×30 · Hand Cannoneer ×28 · Battering Ram ×24
Match map
Initial resources + every placement click. Lines = walls · curves = elevation contours. ◆ gold · ⬟ stone · ● berries · ✦ relic · ◌ wall gap
Your base· ✓ Closed at 19:25 · 41t walls · no gate
[OLAM] jmolinao's base· ✓ Closed at 16:23 · 62t walls · no gate
A Bag of Salt's base· ✓ Closed at 18:26 · 35t walls · no gate
[OLAM] Pepe_Reloaded's base· ✓ Closed at 14:34 · 18t walls · no gate
Smoothed initial terrain · ◌ = detected wall gap · hover for details
Inputs per minute
— Snrcrackles - - [OLAM] jmolinao
Build order — Snrcrackles
First 150 of 625 actions detected
| 0:00 | Create | Villager (Male) |
| 0:01 | Create | Villager (Male) |
| 0:01 | Create | Villager (Male) |
| 0:02 | Build | House |
| 0:04 | Build | House |
| 0:13 | Create | Villager (Male) |
| 1:29 | Create | Villager (Male) |
| 2:01 | Create | Villager (Male) |
| 2:03 | Build | Lumber Camp |
| 2:28 | Create | Villager (Male) |
| 2:48 | Create | Villager (Male) |
| 3:11 | Create | Villager (Male) |
| 3:46 | Create | Villager (Male) |
| 4:04 | Create | Villager (Male) |
| 4:23 | Build | House |
| 4:34 | Create | Villager (Male) |
| 4:35 | Create | Villager (Male) |
| 5:03 | Create | Villager (Male) |
| 5:04 | Create | Villager (Male) |
| 5:54 | Create | Villager (Male) |
| 6:09 | Build | House |
| 6:18 | Create | Villager (Male) |
| 6:55 | Research | Loom |
| 7:15 | Build | Mining Camp |
| 7:34 | Create | Villager (Male) |
| 7:59 | Research | Feudal Age |
| 7:59 | Research | Feudal Age |
| 8:30 | Build | Barracks |
| 8:42 | Build | House |
| 10:09 | Age | Feudal Age |
| 10:11 | Build | Archery Range |
| 10:12 | Create | Villager (Male) |
| 10:17 | Build | Archery Range |
| 10:19 | Create | Villager (Male) |
| 10:22 | Build | Blacksmith |
| 10:44 | Create | Villager (Male) |
| 10:56 | Research | Double-Bit Axe |
| 11:05 | Build | House |
| 11:08 | Build | House |
| 11:10 | Create | Archer |
| 11:11 | Create | Archer |
| 11:12 | Create | Villager (Male) |
| 11:17 | Build | House |
| 11:18 | Build | Palisade Wall |
| 11:35 | Build | Palisade Wall |
| 11:37 | Create | Villager (Male) |
| 11:40 | Build | Palisade Wall |
| 11:46 | Build | Palisade Wall |
| 11:47 | Create | Villager (Male) |
| 11:56 | Build | Mill |
| 12:00 | Create | Archer |
| 12:00 | Create | Archer |
| 12:12 | Research | Fletching |
| 12:13 | Create | Villager (Male) |
| 12:38 | Build | Palisade Wall |
| 12:46 | Research | Horse Collar |
| 12:48 | Build | Farm |
| 12:50 | Build | Farm |
| 12:50 | Build | Farm |
| 12:56 | Build | Farm |
| 12:59 | Build | Farm |
| 13:00 | Create | Villager (Male) |
| 13:16 | Create | Villager (Male) |
| 13:18 | Build | Palisade Wall |
| 13:24 | Create | Villager (Male) |
| 13:33 | Build | Palisade Wall |
| 13:45 | Build | Palisade Wall |
| 13:51 | Build | Farm |
| 13:59 | Build | Farm |
| 14:01 | Build | Farm |
| 14:03 | Create | Villager (Male) |
| 14:17 | Build | Palisade Wall |
| 14:22 | Create | Villager (Male) |
| 14:25 | Build | Market |
| 14:51 | Build | Farm |
| 15:08 | Create | Villager (Male) |
| 15:27 | Build | House |
| 15:33 | Build | House |
| 15:37 | Create | Villager (Male) |
| 15:40 | Build | Farm |
| 15:57 | Build | House |
| 16:03 | Create | Villager (Male) |
| 16:21 | Build | Farm |
| 16:45 | Research | Castle Age |
| 16:49 | Build | House |
| 17:09 | Build | Farm |
| 17:12 | Build | Farm |
| 17:14 | Build | Farm |
| 17:18 | Build | House |
| 17:49 | Build | House |
| 17:51 | Build | House |
| 18:55 | Build | Palisade Wall |
| 18:56 | Build | Palisade Wall |
| 18:57 | Build | Palisade Wall |
| 19:14 | Build | House |
| 19:16 | Build | Palisade Wall |
| 19:25 | Age | Castle Age |
| 19:27 | Create | Villager (Male) |
| 19:30 | Build | Town Center |
| 19:31 | Create | Villager (Male) |
| 19:35 | Create | Villager (Male) |
| 19:45 | Build | University |
| 19:51 | Research | Bow Saw |
| 19:55 | Research | Heavy Plow |
| 20:19 | Create | Villager (Male) |
| 20:20 | Create | Villager (Male) |
| 20:38 | Build | Monastery |
| 20:42 | Research | Wheelbarrow |
| 20:42 | Research | Wheelbarrow |
| 20:45 | Create | Villager (Male) |
| 20:46 | Create | Villager (Male) |
| 20:46 | Create | Villager (Male) |
| 20:54 | Research | Chemistry |
| 21:15 | Build | Farm |
| 21:23 | Research | Fervor |
| 21:25 | Create | Villager (Male) |
| 21:25 | Create | Villager (Male) |
| 21:27 | Create | Villager (Male) |
| 21:27 | Create | Villager (Male) |
| 21:37 | Create | Villager (Male) |
| 21:49 | Build | Town Center |
| 21:57 | Create | Villager (Male) |
| 22:03 | Create | Villager (Male) |
| 22:12 | Build | Farm |
| 22:15 | Build | Farm |
| 22:21 | Build | Farm |
| 22:23 | Create | Villager (Male) |
| 22:23 | Create | Villager (Male) |
| 22:36 | Create | Villager (Male) |
| 22:36 | Create | Villager (Male) |
| 22:46 | Build | Farm |
| 22:48 | Build | Farm |
| 22:51 | Create | Villager (Male) |
| 22:51 | Create | Villager (Male) |
| 23:12 | Build | Palisade Wall |
| 23:13 | Build | Palisade Wall |
| 23:13 | Build | Palisade Wall |
| 23:18 | Create | Villager (Male) |
| 23:19 | Create | Villager (Male) |
| 23:20 | Create | Villager (Male) |
| 23:24 | Build | Farm |
| 23:26 | Build | Farm |
| 23:31 | Create | Villager (Male) |
| 23:31 | Create | Villager (Male) |
| 23:31 | Create | Villager (Male) |
| 23:34 | Build | Farm |
| 23:35 | Create | Villager (Male) |
| 23:36 | Create | Villager (Male) |
| 24:01 | Create | Villager (Male) |
| 24:11 | Build | Archery Range |
Build order — [OLAM] jmolinao
First 150 of 610 actions detected
| 0:00 | Create | Villager (Male) |
| 0:01 | Create | Villager (Male) |
| 0:01 | Create | Villager (Male) |
| 0:02 | Build | House |
| 0:04 | Build | House |
| 0:40 | Create | Villager (Male) |
| 1:31 | Create | Villager (Male) |
| 1:57 | Create | Villager (Male) |
| 2:02 | Build | Lumber Camp |
| 2:17 | Create | Villager (Male) |
| 2:17 | Create | Villager (Male) |
| 2:44 | Create | Villager (Male) |
| 3:08 | Create | Villager (Male) |
| 3:37 | Build | House |
| 3:37 | Build | House |
| 3:50 | Create | Villager (Male) |
| 3:51 | Create | Villager (Male) |
| 3:55 | Create | Villager (Male) |
| 4:12 | Create | Villager (Male) |
| 4:23 | Build | Mill |
| 4:32 | Create | Villager (Male) |
| 4:33 | Create | Villager (Male) |
| 4:55 | Create | Villager (Male) |
| 5:33 | Create | Villager (Male) |
| 6:11 | Create | Villager (Male) |
| 6:45 | Build | Palisade Wall |
| 6:46 | Create | Villager (Male) |
| 7:01 | Build | Palisade Wall |
| 7:12 | Create | Villager (Male) |
| 7:28 | Create | Villager (Male) |
| 7:38 | Build | House |
| 7:56 | Create | Villager (Male) |
| 7:58 | Build | Palisade Wall |
| 8:08 | Create | Villager (Male) |
| 8:39 | Research | Loom |
| 8:50 | Build | House |
| 8:52 | Create | Villager (Male) |
| 8:56 | Build | Palisade Wall |
| 8:57 | Build | Palisade Wall |
| 9:09 | Build | Mining Camp |
| 9:18 | Build | Palisade Wall |
| 9:32 | Create | Villager (Male) |
| 9:36 | Build | Mill |
| 9:48 | Research | Feudal Age |
| 10:34 | Build | Farm |
| 10:48 | Build | Farm |
| 10:52 | Build | Farm |
| 11:21 | Create | Villager (Male) |
| 11:21 | Create | Villager (Male) |
| 11:52 | Build | House |
| 12:15 | Build | House |
| 12:17 | Age | Feudal Age |
| 12:29 | Build | Blacksmith |
| 13:04 | Build | Market |
| 13:07 | Create | Villager (Male) |
| 13:12 | Build | House |
| 13:21 | Build | House |
| 13:43 | Research | Castle Age |
| 13:53 | Build | House |
| 14:00 | Build | Mining Camp |
| 14:08 | Build | Stone Wall |
| 14:20 | Build | Stone Wall |
| 14:22 | Build | Stone Wall |
| 14:29 | Build | Stone Wall |
| 14:32 | Build | Stone Wall |
| 14:40 | Research | Double-Bit Axe |
| 14:47 | Build | Stone Wall |
| 14:50 | Build | Stone Wall |
| 15:03 | Build | Stone Wall |
| 15:07 | Build | Stone Wall |
| 15:16 | Build | Stone Wall |
| 15:21 | Build | Stone Wall |
| 15:24 | Build | Stone Wall |
| 15:27 | Build | Stone Wall |
| 15:29 | Build | Stone Wall |
| 15:34 | Build | Stone Wall |
| 15:41 | Build | Stone Wall |
| 15:44 | Build | Stone Wall |
| 15:49 | Build | Stone Wall |
| 15:51 | Create | Villager (Male) |
| 16:16 | Build | Farm |
| 16:23 | Age | Castle Age |
| 16:29 | Build | Town Center |
| 16:35 | Build | Stone Wall |
| 16:36 | Build | Stone Wall |
| 16:39 | Create | Villager (Male) |
| 16:42 | Build | Town Center |
| 16:56 | Build | Farm |
| 17:03 | Research | Horse Collar |
| 17:27 | Create | Villager (Male) |
| 17:34 | Create | Villager (Male) |
| 17:38 | Create | Villager (Male) |
| 17:43 | Build | Farm |
| 17:47 | Create | Villager (Male) |
| 17:50 | Research | Wheelbarrow |
| 17:53 | Build | Farm |
| 17:56 | Build | Farm |
| 17:57 | Create | Villager (Male) |
| 18:01 | Build | Farm |
| 18:02 | Create | Villager (Male) |
| 18:12 | Build | Farm |
| 18:25 | Build | Farm |
| 18:27 | Create | Villager (Male) |
| 18:45 | Build | Farm |
| 18:47 | Create | Villager (Male) |
| 18:53 | Build | Farm |
| 18:57 | Build | Farm |
| 19:04 | Build | House |
| 19:05 | Create | Villager (Male) |
| 19:11 | Create | Villager (Male) |
| 19:12 | Create | Villager (Male) |
| 19:23 | Build | Farm |
| 19:27 | Create | Villager (Male) |
| 19:30 | Build | Farm |
| 19:36 | Create | Villager (Male) |
| 19:53 | Create | Villager (Male) |
| 19:56 | Build | Farm |
| 20:02 | Create | Villager (Male) |
| 20:10 | Build | Gate |
| 20:12 | Create | Villager (Male) |
| 20:19 | Build | Farm |
| 20:20 | Create | Villager (Male) |
| 20:22 | Build | Farm |
| 20:32 | Build | Farm |
| 20:33 | Create | Villager (Male) |
| 20:37 | Create | Villager (Male) |
| 20:43 | Build | Farm |
| 20:49 | Create | Villager (Male) |
| 20:49 | Create | Villager (Male) |
| 20:59 | Create | Villager (Male) |
| 20:59 | Create | Villager (Male) |
| 21:15 | Build | Castle |
| 21:17 | Create | Villager (Male) |
| 21:22 | Build | Farm |
| 21:25 | Research | Town Watch |
| 21:26 | Create | Villager (Male) |
| 21:28 | Build | Farm |
| 21:29 | Create | Villager (Male) |
| 21:34 | Build | Lumber Camp |
| 21:40 | Create | Villager (Male) |
| 21:46 | Build | Farm |
| 21:48 | Create | Villager (Male) |
| 21:54 | Create | Villager (Male) |
| 22:01 | Create | Villager (Male) |
| 22:08 | Create | Villager (Male) |
| 22:14 | Build | Farm |
| 22:16 | Create | Villager (Male) |
| 22:16 | Create | Villager (Male) |
| 22:26 | Create | Villager (Male) |
| 22:26 | Create | Villager (Male) |
Build order — A Bag of Salt
First 150 of 899 actions detected
| 0:01 | Create | Villager (Male) |
| 0:01 | Create | Villager (Male) |
| 0:01 | Create | Villager (Male) |
| 0:02 | Build | House |
| 0:04 | Build | House |
| 0:28 | Create | Villager (Male) |
| 0:28 | Create | Villager (Male) |
| 1:32 | Create | Villager (Male) |
| 2:04 | Create | Villager (Male) |
| 2:15 | Build | Lumber Camp |
| 2:24 | Create | Villager (Male) |
| 2:45 | Create | Villager (Male) |
| 3:13 | Create | Villager (Male) |
| 3:31 | Create | Villager (Male) |
| 4:02 | Create | Villager (Male) |
| 4:16 | Build | House |
| 4:19 | Create | Villager (Male) |
| 4:46 | Create | Villager (Male) |
| 5:04 | Build | Mill |
| 5:27 | Create | Villager (Male) |
| 5:47 | Create | Villager (Male) |
| 5:51 | Research | Loom |
| 6:45 | Research | Feudal Age |
| 7:23 | Build | Barracks |
| 8:08 | Build | House |
| 8:28 | Create | Villager (Male) |
| 8:55 | Age | Feudal Age |
| 8:57 | Build | Stable |
| 9:00 | Create | Villager (Male) |
| 9:01 | Research | Double-Bit Axe |
| 9:02 | Research | Double-Bit Axe |
| 9:29 | Create | Villager (Male) |
| 9:33 | Research | Horse Collar |
| 9:50 | Build | House |
| 9:53 | Build | Palisade Wall |
| 9:55 | Create | Scout Cavalry |
| 9:55 | Create | Scout Cavalry |
| 9:56 | Create | Scout Cavalry |
| 9:57 | Create | Villager (Male) |
| 10:00 | Build | Farm |
| 10:14 | Create | Villager (Male) |
| 10:29 | Build | House |
| 10:31 | Build | Palisade Wall |
| 10:33 | Create | Villager (Male) |
| 10:42 | Build | Farm |
| 11:07 | Build | Farm |
| 11:15 | Create | Villager (Male) |
| 11:24 | Create | Scout Cavalry |
| 11:34 | Create | Scout Cavalry |
| 11:35 | Create | Villager (Male) |
| 11:38 | Build | Farm |
| 11:40 | Build | Farm |
| 11:51 | Build | House |
| 11:53 | Create | Villager (Male) |
| 11:56 | Build | House |
| 11:58 | Build | Palisade Wall |
| 12:25 | Build | Farm |
| 12:39 | Create | Villager (Male) |
| 12:43 | Build | House |
| 12:57 | Build | House |
| 13:09 | Create | Villager (Male) |
| 13:16 | Build | Farm |
| 13:30 | Create | Villager (Male) |
| 13:39 | Build | Mining Camp |
| 13:43 | Create | Villager (Male) |
| 13:53 | Build | House |
| 13:57 | Create | Villager (Male) |
| 14:05 | Build | Farm |
| 14:28 | Build | Blacksmith |
| 14:30 | Create | Villager (Male) |
| 14:57 | Build | House |
| 14:58 | Build | Palisade Wall |
| 15:03 | Build | House |
| 15:06 | Build | Palisade Wall |
| 15:08 | Build | Palisade Wall |
| 15:12 | Create | Villager (Male) |
| 15:46 | Research | Castle Age |
| 15:46 | Research | Castle Age |
| 16:11 | Build | Lumber Camp |
| 16:39 | Research | Gold Mining |
| 16:42 | Build | Farm |
| 17:02 | Build | Archery Range |
| 17:26 | Create | Villager (Male) |
| 17:54 | Build | Farm |
| 17:55 | Build | Farm |
| 18:22 | Create | Villager (Male) |
| 18:26 | Age | Castle Age |
| 18:34 | Build | Town Center |
| 18:41 | Create | Villager (Male) |
| 19:03 | Create | Villager (Male) |
| 19:20 | Create | Villager (Male) |
| 19:40 | Build | Town Center |
| 19:48 | Create | Villager (Male) |
| 19:51 | Research | Bow Saw |
| 19:52 | Create | Villager (Male) |
| 20:13 | Build | Farm |
| 20:19 | Create | Villager (Male) |
| 20:19 | Create | Villager (Male) |
| 20:24 | Create | Villager (Male) |
| 20:25 | Create | Villager (Male) |
| 20:31 | Build | Market |
| 20:34 | Create | Villager (Male) |
| 20:50 | Create | Villager (Male) |
| 20:58 | Create | Villager (Male) |
| 20:59 | Create | Villager (Male) |
| 21:02 | Create | Cavalry Archer |
| 21:02 | Create | Cavalry Archer |
| 21:06 | Build | Farm |
| 21:07 | Build | Farm |
| 21:09 | Build | Farm |
| 21:10 | Create | Villager (Male) |
| 21:11 | Create | Villager (Male) |
| 21:20 | Build | House |
| 21:23 | Build | Farm |
| 21:26 | Build | Farm |
| 21:29 | Build | Farm |
| 21:30 | Create | Villager (Male) |
| 21:41 | Build | Farm |
| 21:43 | Build | Farm |
| 21:45 | Create | Villager (Male) |
| 21:48 | Create | Cavalry Archer |
| 22:00 | Build | Monastery |
| 22:02 | Create | Villager (Male) |
| 22:09 | Build | Farm |
| 22:21 | Build | Farm |
| 22:22 | Create | Villager (Male) |
| 22:23 | Create | Cavalry Archer |
| 22:24 | Create | Villager (Male) |
| 22:33 | Research | Wheelbarrow |
| 22:36 | Create | Cavalry Archer |
| 22:45 | Build | Farm |
| 22:48 | Build | Farm |
| 22:49 | Create | Villager (Male) |
| 22:50 | Create | Cavalry Archer |
| 22:52 | Create | Monk |
| 22:52 | Create | Monk |
| 22:56 | Build | House |
| 22:57 | Build | House |
| 22:59 | Create | Villager (Male) |
| 23:02 | Create | Villager (Male) |
| 23:04 | Create | Cavalry Archer |
| 23:10 | Build | House |
| 23:11 | Build | House |
| 23:16 | Create | Villager (Male) |
| 23:17 | Create | Cavalry Archer |
| 23:38 | Create | Villager (Male) |
| 23:44 | Build | Farm |
| 24:01 | Create | Monk |
| 24:03 | Create | Villager (Male) |
| 24:04 | Create | Villager (Male) |
Build order — [OLAM] Pepe_Reloaded
First 150 of 793 actions detected
| 0:02 | Build | House |
| 0:04 | Create | Villager (Male) |
| 0:05 | Create | Villager (Male) |
| 0:05 | Build | House |
| 0:13 | Create | Villager (Male) |
| 0:14 | Create | Villager (Male) |
| 0:15 | Create | Villager (Male) |
| 0:15 | Create | Villager (Male) |
| 1:25 | Create | Villager (Male) |
| 2:04 | Create | Villager (Male) |
| 2:21 | Create | Villager (Male) |
| 2:21 | Create | Villager (Male) |
| 2:49 | Create | Villager (Male) |
| 2:50 | Create | Villager (Male) |
| 3:00 | Create | Villager (Male) |
| 3:00 | Create | Villager (Male) |
| 3:21 | Build | House |
| 3:59 | Create | Villager (Male) |
| 4:00 | Create | Villager (Male) |
| 4:01 | Create | Villager (Male) |
| 4:03 | Build | Lumber Camp |
| 4:09 | Build | House |
| 4:43 | Create | Villager (Male) |
| 4:43 | Create | Villager (Male) |
| 4:43 | Create | Villager (Male) |
| 5:21 | Build | Mill |
| 6:09 | Create | Villager (Male) |
| 6:45 | Create | Villager (Male) |
| 7:11 | Create | Villager (Male) |
| 7:18 | Build | Farm |
| 7:37 | Create | Villager (Male) |
| 7:39 | Build | Farm |
| 7:58 | Create | Villager (Male) |
| 8:03 | Build | Farm |
| 8:23 | Create | Villager (Male) |
| 8:28 | Build | Mining Camp |
| 8:45 | Create | Villager (Male) |
| 8:49 | Research | Feudal Age |
| 8:53 | Build | House |
| 8:56 | Build | Palisade Wall |
| 9:21 | Build | Palisade Wall |
| 9:44 | Build | Palisade Wall |
| 10:25 | Build | House |
| 10:30 | Build | House |
| 10:34 | Build | Palisade Wall |
| 10:38 | Build | House |
| 10:39 | Create | Villager (Male) |
| 10:46 | Build | Palisade Wall |
| 10:54 | Age | Feudal Age |
| 10:59 | Build | Market |
| 11:08 | Create | Villager (Male) |
| 11:22 | Build | Blacksmith |
| 11:27 | Create | Villager (Male) |
| 12:08 | Research | Castle Age |
| 12:08 | Research | Castle Age |
| 12:26 | Research | Double-Bit Axe |
| 12:26 | Research | Double-Bit Axe |
| 12:27 | Research | Double-Bit Axe |
| 12:40 | Research | Horse Collar |
| 12:40 | Research | Horse Collar |
| 12:41 | Research | Horse Collar |
| 12:45 | Create | Villager (Male) |
| 13:04 | Build | Lumber Camp |
| 13:24 | Build | Farm |
| 13:31 | Build | Farm |
| 13:56 | Create | Villager (Male) |
| 14:13 | Build | Farm |
| 14:34 | Age | Castle Age |
| 14:36 | Research | Bow Saw |
| 14:37 | Research | Bow Saw |
| 14:41 | Build | Town Center |
| 14:46 | Build | Town Center |
| 14:51 | Create | Villager (Male) |
| 14:55 | Research | Bow Saw |
| 14:55 | Research | Bow Saw |
| 15:16 | Create | Villager (Male) |
| 15:37 | Build | Town Center |
| 15:51 | Build | House |
| 15:52 | Build | House |
| 15:54 | Build | House |
| 16:09 | Create | Villager (Male) |
| 16:09 | Create | Villager (Male) |
| 16:16 | Create | Villager (Male) |
| 16:20 | Build | House |
| 16:24 | Create | Villager (Male) |
| 16:26 | Build | Farm |
| 16:27 | Build | Farm |
| 16:33 | Build | Farm |
| 16:38 | Create | Villager (Male) |
| 16:38 | Create | Villager (Male) |
| 16:47 | Build | Farm |
| 16:48 | Build | Farm |
| 16:51 | Create | Villager (Male) |
| 16:51 | Create | Villager (Male) |
| 16:53 | Create | Villager (Male) |
| 16:57 | Build | Farm |
| 17:09 | Create | Villager (Male) |
| 17:22 | Create | Villager (Male) |
| 17:24 | Build | Farm |
| 17:27 | Build | Farm |
| 17:29 | Create | Villager (Male) |
| 17:37 | Create | Villager (Male) |
| 17:43 | Build | Farm |
| 17:53 | Create | Villager (Male) |
| 17:53 | Create | Villager (Male) |
| 17:59 | Build | Farm |
| 18:08 | Create | Villager (Male) |
| 18:08 | Create | Villager (Male) |
| 18:08 | Create | Villager (Male) |
| 18:13 | Build | Siege Workshop |
| 18:16 | Build | Farm |
| 18:22 | Research | Loom |
| 18:22 | Research | Loom |
| 18:23 | Create | Villager (Male) |
| 18:23 | Create | Villager (Male) |
| 18:31 | Build | House |
| 18:39 | Build | House |
| 18:40 | Create | Villager (Male) |
| 18:44 | Build | House |
| 18:45 | Build | House |
| 18:47 | Build | House |
| 18:49 | Create | Villager (Male) |
| 18:49 | Create | Villager (Male) |
| 18:54 | Build | House |
| 18:54 | Build | House |
| 18:55 | Create | Villager (Male) |
| 18:57 | Build | Farm |
| 19:02 | Build | Farm |
| 19:04 | Build | Farm |
| 19:06 | Create | Scorpion |
| 19:07 | Create | Villager (Male) |
| 19:12 | Build | Farm |
| 19:13 | Build | Farm |
| 19:16 | Create | Villager (Male) |
| 19:16 | Create | Villager (Male) |
| 19:16 | Create | Villager (Male) |
| 19:16 | Create | Villager (Male) |
| 19:20 | Create | Mangonel |
| 19:24 | Create | Villager (Male) |
| 19:24 | Create | Villager (Male) |
| 19:24 | Create | Villager (Male) |
| 19:32 | Build | House |
| 19:34 | Build | House |
| 19:35 | Create | Villager (Male) |
| 19:35 | Create | Villager (Male) |
| 19:41 | Build | Farm |
| 19:43 | Build | Farm |
| 19:46 | Build | Farm |
| 19:46 | Create | Villager (Male) |
| 19:47 | Create | Villager (Male) |
Match timeline
| 6:45 | [OLAM] jmolinao · wall_segment Palisade Wall x11 |
| 7:01 | [OLAM] jmolinao · wall_segment Palisade Wall x1 |
| 7:23 | A Bag of Salt · first_building Barracks |
| 7:58 | [OLAM] jmolinao · wall_segment Palisade Wall x8 |
| 8:30 | Snrcrackles · first_building Barracks |
| 8:55 | A Bag of Salt · age_up feudal |
| 8:56 | [OLAM] Pepe_Reloaded · wall_segment Palisade Wall x4 |
| 8:56 | [OLAM] jmolinao · wall_segment Palisade Wall x7 |
| 8:57 | A Bag of Salt · first_building Stable |
| 8:57 | [OLAM] jmolinao · wall_segment Palisade Wall x1 |
| 9:18 | [OLAM] jmolinao · wall_segment Palisade Wall x10 |
| 9:21 | [OLAM] Pepe_Reloaded · wall_segment Palisade Wall x8 |
| 9:44 | [OLAM] Pepe_Reloaded · wall_segment Palisade Wall x3 |
| 9:53 | A Bag of Salt · wall_segment Palisade Wall x7 |
| 10:09 | Snrcrackles · age_up feudal |
| 10:11 | Snrcrackles · first_building Archery Range |
| 10:31 | A Bag of Salt · wall_segment Palisade Wall x7 |
| 10:34 | [OLAM] Pepe_Reloaded · wall_segment Palisade Wall x3 |
| 10:46 | [OLAM] Pepe_Reloaded · wall_segment Palisade Wall x1 |
| 10:54 | [OLAM] Pepe_Reloaded · age_up feudal |
| 11:18 | Snrcrackles · wall_segment Palisade Wall x1 |
| 11:35 | Snrcrackles · wall_segment Palisade Wall x6 |
| 11:40 | Snrcrackles · wall_segment Palisade Wall x1 |
| 11:46 | Snrcrackles · wall_segment Palisade Wall x8 |
| 11:58 | A Bag of Salt · wall_segment Palisade Wall x7 |
| 12:17 | [OLAM] jmolinao · age_up feudal |
| 12:38 | Snrcrackles · wall_segment Palisade Wall x6 |
| 13:18 | Snrcrackles · wall_segment Palisade Wall x1 |
| 13:33 | Snrcrackles · wall_segment Palisade Wall x4 |
| 13:45 | Snrcrackles · wall_segment Palisade Wall x4 |
| 14:08 | [OLAM] jmolinao · wall_segment Stone Wall x1 |
| 14:17 | Snrcrackles · wall_segment Palisade Wall x4 |
| 14:20 | [OLAM] jmolinao · wall_segment Stone Wall x1 |
| 14:22 | [OLAM] jmolinao · wall_segment Stone Wall x1 |
| 14:29 | [OLAM] jmolinao · wall_segment Stone Wall x1 |
| 14:32 | [OLAM] jmolinao · wall_segment Stone Wall x1 |
| 14:34 | [OLAM] Pepe_Reloaded · age_up castle |
| 14:47 | [OLAM] jmolinao · wall_segment Stone Wall x1 |
| 14:50 | [OLAM] jmolinao · wall_segment Stone Wall x1 |
| 14:53 | [OLAM] Pepe_Reloaded · first_market_sell 100 food |
| 14:54 | [OLAM] Pepe_Reloaded · first_market_buy 100 wood |
| 14:58 | A Bag of Salt · wall_segment Palisade Wall x1 |
| 15:03 | [OLAM] jmolinao · wall_segment Stone Wall x1 |
| 15:06 | A Bag of Salt · wall_segment Palisade Wall x9 |
| 15:07 | [OLAM] jmolinao · wall_segment Stone Wall x1 |
| 15:08 | A Bag of Salt · wall_segment Palisade Wall x4 |
| 15:16 | [OLAM] jmolinao · wall_segment Stone Wall x1 |
| 15:21 | [OLAM] jmolinao · wall_segment Stone Wall x1 |
| 15:24 | [OLAM] jmolinao · wall_segment Stone Wall x1 |
| 15:27 | [OLAM] jmolinao · wall_segment Stone Wall x1 |
| 15:29 | [OLAM] jmolinao · wall_segment Stone Wall x1 |
| 15:34 | [OLAM] jmolinao · wall_segment Stone Wall x1 |
| 15:41 | [OLAM] jmolinao · wall_segment Stone Wall x1 |
| 15:42 | Snrcrackles · first_market_buy 100 food |
| 15:44 | [OLAM] jmolinao · wall_segment Stone Wall x1 |
| 15:46 | Snrcrackles · first_market_sell 100 stone |
| 15:49 | [OLAM] jmolinao · wall_segment Stone Wall x8 |
| 16:23 | [OLAM] jmolinao · age_up castle |
| 16:35 | [OLAM] jmolinao · wall_segment Stone Wall x1 |
| 16:36 | [OLAM] jmolinao · wall_segment Stone Wall x5 |
| 17:02 | A Bag of Salt · first_building Archery Range |
| 17:46 | [OLAM] jmolinao · first_market_buy 100 food |
| 18:13 | [OLAM] Pepe_Reloaded · first_building Siege Workshop |
| 18:26 | A Bag of Salt · age_up castle |
| 18:55 | Snrcrackles · wall_segment Palisade Wall x3 |
| 18:56 | Snrcrackles · wall_segment Palisade Wall x1 |
| 18:57 | Snrcrackles · wall_segment Palisade Wall x1 |
| 19:16 | Snrcrackles · wall_segment Palisade Wall x1 |
| 19:25 | Snrcrackles · age_up castle |
| 20:38 | Snrcrackles · first_building Monastery |
| 21:15 | [OLAM] jmolinao · first_building Castle |
| 22:00 | A Bag of Salt · first_building Monastery |
| 22:30 | A Bag of Salt · first_market_buy 100 food |
| 23:12 | Snrcrackles · wall_segment Palisade Wall x1 |
| 23:13 | Snrcrackles · wall_segment Palisade Wall x1 |
| 23:13 | Snrcrackles · wall_segment Palisade Wall x1 |
| 25:10 | Snrcrackles · wall_segment Palisade Wall x1 |
| 25:11 | Snrcrackles · wall_segment Palisade Wall x1 |
| 26:22 | A Bag of Salt · first_market_sell 100 wood |
| 26:26 | [OLAM] jmolinao · first_building Barracks |
| 26:57 | [OLAM] Pepe_Reloaded · first_building Barracks |
| 27:00 | [OLAM] Pepe_Reloaded · first_building Monastery |
| 27:31 | [OLAM] jmolinao · first_market_sell 100 food |
| 27:43 | [OLAM] Pepe_Reloaded · first_building Castle |
| 28:03 | [OLAM] jmolinao · first_building Stable |
| 28:16 | [OLAM] jmolinao · first_building Monastery |
| 28:30 | A Bag of Salt · first_building Castle |
| 28:45 | [OLAM] Pepe_Reloaded · first_building Archery Range |
| 28:50 | [OLAM] Pepe_Reloaded · first_building Stable |
| 29:11 | Snrcrackles · wall_segment Palisade Wall x1 |
| 29:12 | [OLAM] Pepe_Reloaded · age_up imperial |
| 29:22 | Snrcrackles · first_building Siege Workshop |
| 29:43 | Snrcrackles · age_up imperial |
| 30:00 | Snrcrackles · first_building Castle |
| 30:42 | [OLAM] jmolinao · age_up imperial |
| 32:53 | A Bag of Salt · age_up imperial |
| 33:10 | Snrcrackles · wall_segment Stone Wall x13 |
| 33:14 | [OLAM] jmolinao · wall_segment Stone Wall x9 |
| 33:15 | Snrcrackles · wall_segment Stone Wall x1 |
| 33:17 | [OLAM] jmolinao · wall_segment Stone Wall x4 |
| 33:26 | [OLAM] jmolinao · wall_segment Stone Wall x1 |
| 34:03 | [OLAM] jmolinao · wall_segment Stone Wall x2 |
| 52:42 | [OLAM] jmolinao · wall_segment Stone Wall x9 |
| 57:39 | [OLAM] jmolinao · wall_segment Stone Wall x4 |
| 60:01 | [OLAM] Pepe_Reloaded · resign |
[ AI ANALYSIS · 1 CREDIT ]
What really happened in this match?
Wolo.gg analyzes every decision: build order, eco, micro, common mistakes by bracket. Personalized analysis on WhatsApp or Discord in 30 seconds.
Civ guide
Bohemians
Perfil
Jugador #386612